 Dungeon Crawl Stone Soup version 0.25.1-8-g42b30a86e7 (webtiles) character file.

Game seed: 8017645452839497748

576440 icedog the Slayer (level 25, -21/250 HPs)
             Began as a Minotaur Fighter on Dec 23, 2020.
             Was the Champion of Makhleb.
             Killed by drain life
             ... invoked by a deathcap
             ... summoned by a curse toe
              (22 damage)
             ... on level 3 of the Realm of Zot.
             The game lasted 05:07:31 (52525 turns).

icedog the Slayer (Minotaur Fighter)               Turns: 52525, Time: 05:07:32

Health: -21/250    AC: 41    Str: 35    XL:     25   Next: 80%
Magic:  5/31       EV: 23    Int:  5    God:    Makhleb [******]
Gold:   5960       SH:  5    Dex: 21    Spells: 24/24 levels left

rFire    + . .     SeeInvis +   d - +8 great sword (vamp)
rCold    . . .     Gourm    .   (shield currently unavailable)
rNeg     . . .     Faith    .   h - +8 crystal plate armour
rPois    +         Spirit   .   Z - +1 hat
rElec    .         Reflect  +   m - +2 cloak {Stlth+}
rCorr    .         Harm     .   V - +2 pair of gloves {Dex+3}
MR       ++...                  F - +0 pair of boots
Stlth    ..........             G - amulet "Wepily" {Reflect Str+7 SH+5 Stlth-}
HPRegen  0.51/turn              u - ring "Feranibb" {MR+ EV+4 Str-3 Dex+3 SInv}
MPRegen  0.22/turn              x - ring of Neurosis {+Fly rPois rF+ Str+3 Stlth-}

@: constricted, studying Short Blades
A: retaliatory headbutt, horns 2, blurry vision 2, deformed body, evolution 1
}: 3/15 runes: decaying, silver, gossamer
a: Minor Destruction, Lesser Servant of Makhleb, Major Destruction, Greater
Servant of Makhleb, Renounce Religion, Evoke Flight


You were on level 3 of the Realm of Zot.
You worshipped Makhleb.
Makhleb was exalted by your worship.
You were not hungry.

You visited 10 branches of the dungeon, and saw 48 of its levels.
You also visited: Trove, Sewer and Bailey.

You collected 8763 gold pieces.
You spent 2803 gold pieces at shops.

Inventory:

Hand Weapons
 a - the +3 great mace "Deuj" {vorpal, Int+6 Dex+3}
   (You found it on level 1 of the Realm of Zot)

   It inflicts extra damage upon your enemies.
   It affects your intelligence (+6).
   It affects your dexterity (+3).
 d - a +8 vampiric great sword (weapon)
 q - the +6 arbalest "Damnation" {damnation}
   (You found it on level 3 of the Lair of Beasts)
 M - the +2 Maxwell's thermic engine {flame, freeze}
   (Okawaru gifted it to you on level 2 of the Depths)

   It has been specially enchanted to burn those struck by it, causing extra
   injury to most foes and up to half again as much damage against particularly
   susceptible opponents.
   Big, fiery blades are also staple armaments of hydra-hunters.
   It has been specially enchanted to freeze those struck by it, causing extra
   injury to most foes and up to half again as much damage against particularly
   susceptible opponents.
Missiles
 U - 10 boomerangs of dispersal (quivered)
 W - 1165 bolts
Armour
 h - a +8 crystal plate armour (worn)
 j - +0 gold dragon scales
 m - a +2 cloak of stealth (worn)
 F - a +0 pair of boots (worn)
 V - a +2 pair of gloves of dexterity (worn)
 Z - a +1 hat (worn)
Jewellery
 u - the ring "Feranibb" (left hand) {MR+ EV+4 Str-3 Dex+3 SInv}
   (You found it on level 2 of the Swamp)

   [ring of evasion]

   It affects your evasion (+4).
   It affects your strength (-3).
   It affects your dexterity (+3).
   It affects your resistance to hostile enchantments.
   It lets you see invisible.
 x - the ring of Neurosis (right hand) {+Fly rPois rF+ Str+3 Stlth-}
   (You found it in a treasure trove)

   [ring of protection from fire]

   It affects your strength (+3).
   It protects you from fire.
   It protects you from poison.
   It lets you fly.
   It makes you less stealthy.
 C - the ring of Yqihosch {+Inv rC++ Dex+4}
   (You found it in a treasure trove)

   [ring of dexterity]

   It affects your dexterity (+4).
   It greatly protects you from cold.
   It lets you turn invisible.
 G - the amulet "Wepily" (around neck) {Reflect Str+7 SH+5 Stlth-}
   (You found it on level 1 of the Orcish Mines)

   [amulet of reflection]

   It shields you and reflects attacks.
   It affects your strength (+7).
   It affects your SH (+5).
   It makes you less stealthy.
 J - the ring "Xorphi Beirio" {rElec Str-2 Int+3 Dex+4 SInv}
   (You found it in a treasure trove)

   [ring of see invisible]

   It affects your strength (-2).
   It affects your intelligence (+3).
   It affects your dexterity (+4).
   It insulates you from electricity.
   It lets you see invisible.
 R - the ring of the First Invaders {rF++ Int-2 Dex+6 SInv}
   (You took it off a deep elf death mage on level 3 of the Elven Halls)

   [ring of see invisible]

   It affects your intelligence (-2).
   It affects your dexterity (+6).
   It greatly protects you from fire.
   It lets you see invisible.
Wands
 c - a wand of clouds (9)
 t - a wand of digging (19)
 y - a wand of flame (12)
 P - a wand of acid (69)
Scrolls
 e - 22 scrolls of teleportation
 g - 23 scrolls of remove curse
 k - 4 scrolls of holy word
 n - 5 scrolls of fear
 o - 2 scrolls of summoning
 B - 21 scrolls of identify
 D - 6 scrolls of blinking
 H - 2 scrolls of silence
 K - a scroll of brand weapon
 N - 4 scrolls of fog
 S - 2 scrolls of immolation
 T - 3 scrolls of magic mapping
Potions
 i - 2 potions of invisibility
 l - 4 potions of flight
 r - 3 potions of resistance
 s - 17 potions of curing
 z - 7 potions of ambrosia
 A - 2 potions of heal wounds
 L - a potion of brilliance
 X - 2 potions of berserk rage
 Y - 6 potions of might
Books
 v - a manual of Short Blades
Miscellaneous
 b - a box of beasts
 p - 3 phantom mirrors
 E - a tin of tremorstones (3/3)
 Q - a lightning rod (4/4)
Comestibles
 f - 71 rations
 w - 5 chunks of flesh


   Skills:
 + Level 25.5 Fighting
 - Level 24.5 Long Blades
 - Level 18.0 Crossbows
 + Level 24.6 Armour
 * Level 19.9 Dodging
   Level 3.6 Shields
 + Level 12.5 Invocations


You had 24 spell levels left.
You didn't know any spells.
Your spell library contained the following spells:

 Spells                   Type           Power        Failure   Level  Hunger
 Animate Skeleton         Necr           N/A          95%         1    ##.....
 Apportation              Tloc           #.....       95%         1    ##.....
 Corona                   Hex            #......      95%         1    ##.....
 Foxfire                  Conj/Fire      #...         95%         1    ##.....
 Freeze                   Ice            #...         95%         1    ##.....
 Infusion                 Chrm           #...         95%         1    ##.....
 Magic Dart               Conj           #...         95%         1    ##.....
 Pain                     Necr           #...         95%         1    ##.....
 Sandblast                Erth           #.....       95%         1    ##.....
 Shock                    Conj/Air       #...         95%         1    ##.....
 Sting                    Tmut/Pois      #...         95%         1    ##.....
 Summon Butterflies       Summ           #.......     95%         1    ##.....
 Summon Small Mammal      Summ           #...         95%         1    ##.....
 Blink                    Tloc           N/A          99%         2    ###....
 Call Imp                 Summ           #.......     99%         2    ###....
 Ensorcelled Hibernation  Hex/Ice        #.....       99%         2    ###....
 Passwall                 Tmut/Erth      #.......     99%         2    ###....
 Poisonous Vapours        Pois/Air       #.....       99%         2    ###....
 Shroud of Golubria       Chrm/Tloc      #.....       99%         2    ###....
 Slow                     Hex            #.......     99%         2    ###....
 Song of Slaying          Chrm           #.......     99%         2    ###....
 Sublimation of Blood     Necr           #.........   99%         2    ###....
 Swiftness                Chrm/Air       #.......     99%         2    ###....
 Call Canine Familiar     Summ           #.......     100%        3    ####...
 Conjure Flame            Conj/Fire      #.......     100%        3    ####...
 Frozen Ramparts          Ice            #.....       100%        3    ####...
 Gell's Gravitas          Tloc           #.........   100%        3    ####...
 Ignite Poison            Fire/Tmut/Pois #.......     100%        3    ####...
 Inner Flame              Hex/Fire       #.......     100%        3    ####...
 Lesser Beckoning         Tloc           #.........   100%        3    ####...
 Mephitic Cloud           Conj/Pois/Air  #.......     100%        3    ####...
 Ozocubu's Armour         Chrm/Ice       #.......     100%        3    ####...
 Portal Projectile        Hex/Tloc       #.....       100%        3    ####...
 Spectral Weapon          Hex/Chrm       #.......     100%        3    ####...
 Static Discharge         Conj/Air       #.......     100%        3    ####...
 Stone Arrow              Conj/Erth      #.....       100%        3    ####...
 Summon Guardian Golem    Hex/Summ       #.......     100%        3    ####...
 Teleport Other           Tloc           #.......     100%        3    ####...
 Tukima's Dance           Hex            #.......     100%        3    ####...
 Vampiric Draining        Necr           #.........   100%        3    ####...
 Airstrike                Air            #.........   100%        4    #####..
 Animate Dead             Necr           N/A          100%        4    #####..
 Cause Fear               Hex            #.........   100%        4    #####..
 Hailstorm                Conj/Ice       #.......     100%        4    #####..
 Leda's Liquefaction      Hex/Erth       #.........   100%        4    #####..
 Olgreb's Toxic Radiance  Pois           #.......     100%        4    #####..
 Passage of Golubria      Tloc           N/A          100%        4    #####..
 Petrify                  Tmut/Erth      #.......     100%        4    #####..
 Sticky Flame             Conj/Fire      #.......     100%        4    #####..
 Summon Ice Beast         Ice/Summ       #.......     100%        4    #####..
 Summon Lightning Spire   Summ/Air       #.......     100%        4    #####..
 Agony                    Necr           #.......     100%        5    ######.
 Alistair's Intoxication  Tmut/Pois      #.......     100%        5    ######.
 Blade Hands              Tmut           #.........   100%        5    ######.
 Bolt of Magma            Conj/Fire/Erth #.........   100%        5    ######.
 Borgnjor's Vile Clutch   Necr/Erth      #.........   100%        5    ######.
 Fireball                 Conj/Fire      #.........   100%        5    ######.
 Irradiate                Conj/Tmut      #.........   100%        5    ######.
 Iskenderun's Battlesphe  Conj/Chrm      #.......     100%        5    ######.
 Lee's Rapid Deconstruct  Erth           #.........   100%        5    ######.
 Lightning Bolt           Conj/Air       #.........   100%        5    ######.
 Silence                  Hex/Air        #.........   100%        5    ######.
 Summon Mana Viper        Hex/Summ       #.......     100%        5    ######.
 Darkness                 Hex            #.........   100%        6    #######
 Dispersal                Tloc           #.........   100%        6    #######
 Eringya's Noxious Bog    Tmut/Pois      #.........   100%        6    #######
 Freezing Cloud           Conj/Ice/Air   #.........   100%        6    #######
 Hydra Form               Tmut           #.........   100%        6    #######
 Invisibility             Hex            #.......     100%        6    #######
 Iron Shot                Conj/Erth      #.........   100%        6    #######
 Shadow Creatures         Summ           N/A          100%        6    #######
 Simulacrum               Ice/Necr       #.........   100%        6    #######
 Statue Form              Tmut/Erth      #........    100%        6    #######
 Dragon Form              Tmut           #.........   100%        7    #######
 Orb of Destruction       Conj           #.........   100%        7    #######
 Ring of Flames           Chrm/Fire      #.........   100%        7    #######
 Spellforged Servitor     Conj/Summ      #.........   100%        7    #######
 Summon Hydra             Summ           #.........   100%        7    #######
 Controlled Blink         Tloc           N/A          100%        8    #######
 Disjunction              Tloc           #.........   100%        8    #######


Dungeon Overview and Level Annotations

Branches:
Dungeon (15/15)            Temple (1/1) D:7            Lair (6/6) D:9
  Swamp (4/4) Lair:3       Spider (4/4) Lair:3        Slime (0/5) Lair:6
    Orc (2/2) D:10            Elf (3/3) Orc:2        Vaults (5/5) D:14
  Crypt (0/3) Vaults:3     Depths (5/5) D:15            Zot (3/5) Depths:5
  Sewer (visited)          Bailey (visited)

Altars:
Ashenzari
Cheibriados
Dithmenos
Elyvilon
Fedhas
Gozag
Hepliaklqana
Kikubaaqudgha
Makhleb
Nemelex Xobeh
Okawaru
Qazlal
Ru
Sif Muna
Trog
Uskayaw
Vehumet
Wu Jian
Xom
Yredelemnul
Zin
The Shining One
Beogh
Lugonu

Shops:
D:12 !   D:15 *   Orc:2 ([*:   Elf:2 %?(   Vaults:4 *   Depths:1 ?   Depths:4 (

Portals:
Hell: Depths:2 Depths:3 Depths:4 Depths:5
Abyss: Depths:2 Depths:4
Pandemonium: Depths:3 Depths:4
Ziggurat: Depths:2

Annotations:
D:5 exclusion: player ghost


Innate Abilities, Weirdness & Mutations

You reflexively headbutt those who attack you in melee.
You have a pair of horns on your head.
Scrolls take you longer to read.
Armour fits poorly on your strangely shaped body.
You evolve.


Message History

The monsters around the deathcap are drained of life!
The green draconian annihilator mumbles some strange words.
The green draconian annihilator blinks!
The deathcap misses you.
The tentacled monstrosity tentacle-slaps you but does no damage.
You block the tentacled monstrosity's attack.
The tentacled monstrosity tentacle-slaps you but does no damage.
The tentacled monstrosity constricts you.
The wandering mushroom completely misses you.
You furiously retaliate!
You headbutt the wandering mushroom!
You destroy the wandering mushroom!
The tentacled monstrosity's grasp on you weakens, but your attempt to escape fails.
The curse toe gestures.
Send 'em back where they came from!
Your golden dragon dissolves into shadows!
Your moth of wrath dissolves into shadows! x2
Your storm dragon dissolves into shadows!
The deathcap draws from the surrounding life force!
* * * LOW HITPOINT WARNING * * *
The deathcap draws from the surrounding life force!
You die...

..# ...... .. #......
..#.ยง...(. .#
#......... .# #.........
# #..ff..... # ####
#f)ff..... ####...####
#@Xf..... ..........###
#.z......
..(.........####f.......
..............##........
........................
........................
........................
#...........####........
####......### #........


You could see a tentacled monstrosity, a curse toe, 4 deathcaps and 3 wandering
mushrooms.

Vanquished Creatures
  2 orbs of fire
  Mara (Swamp:4)
  An ancient lich (Vaults:5)
  A juggernaut (Depths:4)
  Sojobo (Depths:3)
  Saint Roka (Vaults:3)
  the Lernaean hydra (Swamp:4)
  8 golden dragons
  3 caustic shrikes (Depths:5)
  2 bone dragons (Depths:5)
  3 liches
  A hellephant (Depths:3)
  An electric golem (Zot:2)
  Jorgrun (D:15)
  6 tentacled monstrosities
  The ghost of OneTabMan the Tortoise, an adept DDFi of Makhleb (Swamp:2)
  2 deep elf blademasters (Elf:3)
  6 deep elf master archers
  2 quicksilver dragons (Vaults:5)
  17 titans
  4 death cobs
  4 thorn hunters
  Kirke (Spider:3)
  7 tengu reavers
  2 storm dragons
  2 draconian monks (Zot:1)
  6 shadow dragons
  17 fire giants
  2 orc warlords
  Aizul (Vaults:1)
  6 frost giants
  3 iron dragons
  2 draconian knights
  13 daevas
  4 ghost moths
  7 draconian scorchers
  A cacodemon (Depths:4)
  A ghoul (Vaults:1)
  12 vault wardens
  7 deep elf sorcerers (Elf:3)
  10 emperor scorpions
  5 spriggan defenders (Depths:3)
  10 ironheart preservers
  8 angels
  A draconian shifter (Zot:2)
  8 deep elf elementalists
  2 draconian stormcallers
  The ghost of harness the Transmogrifier, a journeyman DrTm of Kikubaaqudgha (Elf:1)
  20 stone giants
  A war gargoyle (Vaults:4)
  17 very ugly things
  4 draconian annihilators
  5 black draconians
  2 entropy weavers
  2 vampire knights
  The ghost of destino the Martial Artist, a journeyman OpMo of Cheibriados (Orc:1)
  5 yellow draconians
  6 green draconians
  Nessos (Lair:5)
  Azrael (D:14)
  6 deep elf demonologists
  4 small abominations
  4 white draconians
  10 red draconians
  14 dire elephants (Depths:3)
  A minotaur (Depths:3)
  9 deep elf annihilators
  11 spark wasps
  6 deep elf death magi
  3 purple draconians
  A merfolk javelineer (Depths:4)
  7 ettins
  Snorg (Lair:5)
  18 yaktaur captains
  2 large abominations (Vaults:5)
  A merfolk impaler (Depths:4)
  3 jiangshi (Depths:2)
  16 fire dragons
  9 deep elf high priests
  An ice dragon (shapeshifter) (Elf:1)
  A peacekeeper (Vaults:4)
  16 ogre magi
  A great orb of eyes (shapeshifter) (Depths:5)
  Erolcha (D:13)
  14 great orbs of eyes
  29 vault guards
  3 rakshasas
  16 hydras
  10 ice dragons
  A juggernaut simulacrum (Depths:1)
  3 spriggan air magi
  A death knight (Vaults:1)
  3 ghost crabs
  11 alligators
  3 catoblepae
  3 shambling mangroves
  48 two-headed ogres
  10 centaur warriors
  8 deep troll shamans
  5 orc high priests
  11 deep troll earth magi
  6 tengu warriors
  Urug (D:13)
  30 dancing weapons
  A hell hog (Depths:1)
  A sun demon (Depths:4)
  3 vampire magi (Depths:2)
  A titan zombie (D:15)
  11 hell knights
  2 shock serpents (shapeshifter)
  A storm dragon zombie (Vaults:5)
  6 spriggan berserkers
  31 deep elf knights
  5 iron trolls
  The ghost of Destapler the Blocker, a novice MiMo of Ru (D:8)
  20 skeletal warriors
  A shadow wraith (Vaults:5)
  A fire crab (shapeshifter) (Vaults:3)
  2 salamander mystics
  A storm dragon skeleton (Vaults:3)
  A sea snake (shapeshifter) (Elf:1)
  6 unseen horrors
  15 swamp dragons
  A glowing orange brain (Depths:4)
  36 deep trolls
  5 flayed ghosts
  2 spriggan druids (Swamp:2)
  A death drake (shapeshifter) (Elf:1)
  An unseen horror (shapeshifter) (Depths:4)
  8 wizards
  A gelid demonspawn (Depths:4)
  A sphinx zombie (Vaults:3)
  14 necromancers
  2 lindwurms (Lair:3)
  64 deep elf magi
  17 ironbrand convokers
  3 phantasmal warriors
  21 deep elf archers
  A harpy (shapeshifter) (Depths:2)
  22 orc knights
  14 orb spiders
  A mana viper (shapeshifter) (Vaults:5)
  8 orc sorcerers
  3 stone giant zombies
  A faun (Lair:6)
  5 oklob plants
  25 wolf spiders
  4 manticores
  33 ugly things
  2 frost giant zombies (Vaults:3)
  A fire giant zombie (Vaults:5)
  16 moths of wrath
  11 cyclopes
  6 salamanders
  3 tengu skeletons
  A black mamba (Lair:6)
  5 elephants
  A rust devil (Depths:4)
  A torpor snail (shapeshifter) (Depths:1)
  A stone giant skeleton (Vaults:3)
  A black mamba (shapeshifter) (Elf:1)
  2 torpor snails
  Maurice (D:9)
  2 elephants (shapeshifter) (Elf:1)
  3 yaktaur zombies
  2 gargoyles (D:14)
  16 vault sentinels
  2 fire giant skeletons (Vaults:3)
  A spiny frog (shapeshifter) (Vaults:1)
  16 spiny frogs
  9 komodo dragons
  17 demonic crawlers
  5 freezing wraiths
  4 tengu conjurers
  3 rime drakes
  An efreet (D:14)
  34 yaktaurs
  6 kobold demonologists
  A guardian mummy (D:14)
  2 yaktaur skeletons
  A meliai (shapeshifter) (Vaults:4)
  The ghost of Abzac the Skirmisher, an amateur HOMo (D:5)
  A golden dragon simulacrum (Depths:1)
  23 jumping spiders
  3 meliai (D:12)
  A polar bear (Lair:5)
  11 trolls
  9 tyrant leeches
  A hornet (shapeshifter) (Vaults:4)
  A wind drake (shapeshifter) (Depths:2)
  A spriggan zombie (Depths:1)
  A hippogriff (shapeshifter) (Vaults:5)
  A tengu simulacrum (Vaults:3)
  17 hornets
  2 saltlings (Vaults:4)
  A raiju (shapeshifter) (Vaults:2)
  A frost giant simulacrum (Depths:1)
  8 bog bodies
  2 ettin zombies
  60 slime creatures
  A slime creature (shapeshifter) (Depths:4)
  A snapping turtle (shapeshifter) (Depths:5)
  7 blink frogs
  A stone giant simulacrum (Vaults:3)
  9 hippogriffs
  2 ettin skeletons
  A dream sheep (shapeshifter) (Elf:1)
  A deep troll skeleton (Depths:1)
  4 wyverns
  9 spriggans
  58 redbacks
  2 shadows
  20 tarantellas
  2 vampires
  An air elemental (Elf:3)
  3 basilisks (shapeshifter)
  40 yaks
  2 spriggans (shapeshifter)
  5 wraiths
  A ynoxinul (Depths:4)
  20 humans (D:14)
  A fire elemental (Elf:2)
  A spriggan skeleton (Depths:1)
  4 water elementals
  Eustachio (D:4)
  2 wyverns (shapeshifter)
  A hungry ghost (D:12)
  8 basilisks
  7 hogs (Spider:3)
  A chaos spawn (Depths:4)
  2 steam dragons
  14 vampire mosquitoes
  13 wargs
  Menkaure (D:7)
  9 insubstantial wisps
  A swamp worm (shapeshifter) (Vaults:5)
  5 acid dragons
  27 swamp worms
  14 hell hounds
  7 water moccasins
  A soldier ant (shapeshifter) (Vaults:4)
  17 porcupines
  Purgy (Sewer)
  4 black bears
  An ettin simulacrum (Vaults:3)
  18 swamp drakes
  60 orc warriors
  A black bear (shapeshifter) (Vaults:2)
  9 sky beasts
  6 phantoms
  6 necrophages
  An ogre (shapeshifter) (Vaults:2)
  6 eyes of draining
  3 human zombies
  7 boggarts
  57 ogres
  37 wolves
  14 centaurs
  10 crocodiles
  2 elf skeletons (Vaults:3)
  6 big kobolds
  Blork the orc (D:4)
  30 bullfrogs
  5 earth elementals
  2 gnoll sergeants
  4 human skeletons (Vaults:3)
  2 glowing shapeshifter simulacra
  A wyvern skeleton (D:12)
  5 scorpions
  17 wights
  10 killer bees
  3 electric eels
  3 howler monkeys
  6 centaur zombies
  9 crimson imps
  3 quasits
  3 bullfrog zombies (D:8)
  3 hounds
  3 jellies
  8 centaur skeletons
  16 orc priests
  5 bullfrog skeletons
  9 iguanas
  4 iron imps (Depths:4)
  20 orc wizards
  15 worker ants
  A killer bee zombie (D:7)
  A hound zombie (D:9)
  2 hound skeletons (D:9)
  2 worker ant zombies
  6 gnolls
  19 adders
  2 howler monkey skeletons
  5 shadow imps
  A white imp (Depths:4)
  An ufetubus (Depths:4)
  An ooze (D:4)
  An adder zombie (D:8)
  An adder skeleton (D:4)
  2 worms (D:3)
  4 dart slugs
  5 leopard geckos
  147 orcs
  6 giant cockroaches
  3 goblins
  8 hobgoblins
  10 jackals
  18 kobolds
  4 quokkas
  13 bats
  4 frilled lizards
  A leopard gecko skeleton (D:4)
  A quokka skeleton (D:9)
  5 rats
  20 briar patches
  A bush (Lair:2)
  A crawling corpse (Vaults:5)
  A fungus (Orc:2)
  5 plants
2426 creatures vanquished.

Vanquished Creatures (collateral kills)
  A deep elf master archer (Depths:4)
  A titan (Depths:4)
  A sphinx (Vaults:5)
  3 fire giants
  A draconian annihilator (Depths:4)
  A green draconian (Zot:2)
  A stone giant (Depths:4)
  A purple draconian (Zot:2)
  A black draconian (Depths:4)
  A merfolk impaler (Depths:4)
  An ice dragon (Depths:5)
  3 vault guards (Vaults:5)
  A large abomination (Vaults:5)
  A deep elf knight (Depths:4)
  A deep elf mage (Vaults:5)
  An orc (Vaults:5)
20 creatures vanquished.

Vanquished Creatures (others)
  A frost giant (Depths:4)
  A vault warden (Vaults:5)
  An alligator (Swamp:3)
  A necromancer (Depths:1)
  A salamander (Depths:4)
  A yaktaur (Depths:5)
  A hornet (Vaults:5)
  An insubstantial wisp (Swamp:4)
  2 boggarts
  A briar patch (Swamp:2)
  63 fungi
  28 plants
102 creatures vanquished.

Grand Total: 2548 creatures vanquished

Notes
Turn   | Place    | Note
-------+----------+-------------------------------------------
     0 | D:1      | icedog the Minotaur Fighter began the quest for the Orb.
     0 | D:1      | Reached XP level 1. HP: 19/19 MP: 0/0
   199 | D:1      | Reached XP level 2. HP: 27/27 MP: 1/1
   272 | D:1      | Reached skill level 1 in Dodging
   643 | D:2      | Reached skill level 4 in Fighting
   651 | D:2      | Reached XP level 3. HP: 31/33 MP: 2/2
   874 | D:2      | Reached XP level 4. HP: 26/40 MP: 3/3
  1454 | D:3      | Found a glowing drain.
  1458 | Sewer    | Entered a sewer
  1592 | Sewer    | Noticed Purgy
  1602 | Sewer    | Killed Purgy
  1602 | Sewer    | Reached XP level 5. HP: 31/47 MP: 4/4
  1955 | D:3      | Reached skill level 5 in Long Blades
  2090 | D:3      | Found a stormy altar of Qazlal.
  2204 | D:3      | Reached XP level 6. HP: 55/55 MP: 5/5
  2352 | D:4      | Noticed Eustachio
  2377 | D:4      | Killed Eustachio
  2377 | D:4      | Reached skill level 5 in Fighting
  2377 | D:4      | Reached skill level 5 in Armour
  2528 | D:4      | Found a snail-covered altar of Cheibriados.
  2722 | D:4      | Reached XP level 7. HP: 61/61 MP: 0/6
  3053 | D:4      | Reached skill level 6 in Fighting
  3184 | D:4      | Noticed Blork the orc
  3191 | D:4      | Killed Blork the orc
  3479 | D:4      | Reached XP level 8. HP: 70/70 MP: 7/7
  3571 | D:5      | Entered Level 5 of the Dungeon
  4013 | D:5      | Found an iron altar of Okawaru.
  4032 | D:5      | Became a worshipper of Warmaster Okawaru
  4149 | D:5      | Found a runed translucent gate.
  4149 | D:5      | Noticed Abzac's ghost (amateur HOMo)
  4150 | D:5      | Found a runed translucent gate.
  4151 | D:5      | Found a roughly hewn altar of Beogh.
  4151 | D:5      | Found a runed translucent gate.
  4152 | D:5      | Identified the +8 dagger "Urhoz" {vorpal, Str+2}
  4152 | D:5      | Identified the cursed +1 scale mail "Sedghitzust" {*Corrode
                  | rN+ Str+4 Slay+2}
  4237 | D:5      | Reached skill level 5 in Dodging
  4253 | D:5      | Killed Abzac's ghost
  4253 | D:5      | Reached skill level 7 in Fighting
  4634 | D:6      | Reached XP level 9. HP: 73/79 MP: 8/8
  4979 | D:6      | Found a glowing golden altar of the Shining One.
  5021 | D:6      | Found a bloodstained altar of Trog.
  5024 | D:6      | Found a sparkling altar of Nemelex Xobeh.
  5084 | D:7      | Reached * piety under Okawaru
  5109 | D:7      | Noticed a two-headed ogre
  5115 | D:7      | Killed a two-headed ogre
  5115 | D:7      | Reached skill level 8 in Fighting
  5115 | D:7      | Reached skill level 10 in Long Blades
  5121 | D:7      | Noticed Menkaure
  5123 | D:7      | Killed Menkaure
  5236 | D:7      | Reached ** piety under Okawaru
  5430 | D:7      | Found a staircase to the Ecumenical Temple.
  5762 | D:8      | Reached XP level 10. HP: 90/90 MP: 9/9
  5769 | D:8      | Found a runed translucent door.
  5769 | D:8      | Noticed Destapler's ghost (novice MiMo)
  5821 | D:8      | Killed an unseen horror
  5848 | D:8      | Killed Destapler's ghost
  5848 | D:8      | Reached *** piety under Okawaru
  5848 | D:8      | Reached skill level 9 in Fighting
  5865 | D:8      | Got a smoking trident
  5884 | D:8      | Identified the +0 trident "Surraet" {holy, rF+ Str+4} (You
                  | found it on level 8 of the Dungeon)
  6208 | D:8      | Found a shimmering blue altar of Sif Muna.
  6489 | D:8      | Reached **** piety under Okawaru
  7005 | D:9      | Found a staircase to the Lair.
  7192 | D:9      | Reached XP level 11. HP: 99/99 MP: 10/10
  7219 | D:9      | Reached skill level 10 in Armour
  7225 | D:9      | Reached ***** piety under Okawaru
  7225 | D:9      | Reached skill level 10 in Fighting
  7314 | D:9      | Noticed a two-headed ogre
  7323 | D:9      | Killed a two-headed ogre
  7347 | D:9      | Noticed a two-headed ogre
  7353 | D:9      | Killed a two-headed ogre
  7382 | D:9      | Noticed a two-headed ogre
  7388 | D:9      | Killed a two-headed ogre
  7413 | D:9      | Noticed a two-headed ogre
  7419 | D:9      | Identified the +5 scale mail of Starshine {rElec rN+ Dex-5}
  7436 | D:9      | Killed a two-headed ogre
  7451 | D:9      | Received a gift from Okawaru
  7587 | D:9      | Found a shadowy altar of Dithmenos.
  7777 | D:9      | Noticed a centaur warrior
  7783 | D:9      | Killed a centaur warrior
  7989 | D:9      | Noticed Maurice
  7995 | D:9      | Killed Maurice
  8060 | D:9      | Reached skill level 11 in Fighting
  8168 | D:10     | Entered Level 10 of the Dungeon
  8294 | D:10     | Reached XP level 12. HP: 102/110 MP: 11/11
  8371 | D:10     | Reached ****** piety under Okawaru
  8384 | D:10     | Found a staircase to the Orcish Mines.
  8818 | D:11     | Received a gift from Okawaru
  8859 | D:11     | Noticed a two-headed ogre
  8865 | D:11     | Killed a two-headed ogre
  8980 | D:11     | Reached skill level 10 in Dodging
  9024 | D:11     | Reached skill level 15 in Long Blades
  9166 | D:11     | Noticed an eight-headed hydra
  9174 | D:11     | Killed an eight-headed hydra
  9214 | D:11     | Noticed a seven-headed hydra
  9225 | D:11     | Killed a seven-headed hydra
  9680 | Lair:1   | Entered Level 1 of the Lair of Beasts
  9925 | Lair:1   | Received a gift from Okawaru
 10069 | Lair:1   | Reached skill level 12 in Fighting
 10164 | Lair:1   | Noticed a six-headed hydra
 10172 | Lair:1   | Killed a six-headed hydra
 10526 | Lair:2   | Found a dark tunnel.
 10957 | Lair:2   | Reached XP level 13. HP: 118/118 MP: 12/12
 11267 | Lair:3   | Found a staircase to the Swamp.
 11358 | Lair:3   | Identified the Collected Works on the Mountains and Cold
 11461 | Lair:3   | Found a hole to the Spider Nest.
 11545 | Lair:3   | Found the +6 arbalest "Damnation" {damnation}
 12670 | Lair:4   | Received a gift from Okawaru
 14171 | Lair:5   | You fall into a shaft and drop 1 floor!
 14171 | Lair:6   | Entered Level 6 of the Lair of Beasts
 14214 | Lair:5   | Noticed Snorg
 14215 | Lair:5   | Reached skill level 13 in Fighting
 14218 | Lair:5   | Noticed Nessos
 14549 | Lair:6   | Noticed a fire dragon
 14564 | Lair:6   | Killed a fire dragon
 14564 | Lair:6   | Reached XP level 14. HP: 95/129 MP: 13/13
 14861 | Lair:6   | Received a gift from Okawaru
 14989 | Lair:6   | Found a staircase to the Slime Pits.
 15634 | Lair:5   | Killed Nessos
 15642 | Lair:5   | Killed Snorg
 16387 | Orc:1    | Entered Level 1 of the Orcish Mines
 16478 | Orc:2    | Entered Level 2 of the Orcish Mines
 16504 | Orc:2    | Noticed an orc warlord
 16530 | Orc:2    | Killed an orc warlord
 16657 | Orc:2    | Found Moseurof's General Store.
 16665 | Orc:2    | Found a roughly hewn altar of Beogh.
 16692 | Orc:2    | Bought a potion of curing for 48 gold pieces
 16695 | Orc:2    | Noticed a stone giant
 16717 | Orc:2    | Killed a stone giant
 16900 | Orc:2    | Found Suec's Book Boutique.
 16921 | Orc:2    | Found Qiqats's Antique Armour Boutique.
 16923 | Orc:2    | Found a staircase to the Elven Halls.
 16992 | Orc:2    | Found Pisol's Antique Weapon Shoppe.
 17002 | Orc:2    | Reached skill level 14 in Fighting
 17312 | Orc:1    | Found a transporter.
 17314 | Orc:1    | Noticed destino's ghost (journeyman OpMo)
 17351 | Orc:1    | Found a transporter.
 17412 | Orc:1    | You fall into a shaft and drop 1 floor!
 17436 | Orc:1    | Found a roughly hewn altar of Beogh.
 17767 | Orc:1    | Paralysed by an orc sorcerer for 5 turns
 17788 | Orc:1    | Killed destino's ghost
 17788 | Orc:1    | Received a gift from Okawaru
 17810 | Orc:1    | Got a glittering lead amulet
 17822 | Orc:1    | Identified the amulet "Wepily" {Reflect Str+7 SH+5 Stlth-}
                  | (You found it on level 1 of the Orcish Mines)
 18228 | Swamp:1  | Entered Level 1 of the Swamp
 18384 | D:12     | Found Xeathitz's Distillery.
 18398 | D:12     | Bought a potion of heal wounds for 65 gold pieces
 18398 | D:12     | Bought a potion of curing for 39 gold pieces
 18398 | D:12     | Bought a potion of heal wounds for 65 gold pieces
 18481 | Orc:2    | Bought a glowing crystal plate armour for 2075 gold pieces
 18584 | D:12     | Bought a potion of curing for 39 gold pieces
 18584 | D:12     | Bought a potion of curing for 39 gold pieces
 18934 | D:12     | Found a burning altar of Makhleb.
 19336 | D:13     | Noticed Urug
 19350 | D:13     | Killed Urug
 19374 | D:13     | Found a flagged portal.
 19384 | Bailey   | Entered a bailey
 19430 | Bailey   | Reached XP level 15. HP: 139/139 MP: 14/14
 19624 | Bailey   | Identified a scroll of acquirement
 19624 | Bailey   | Acquired 510 gold pieces
 20112 | D:13     | Found a sacrificial altar of Ru.
 20265 | D:13     | Noticed Erolcha
 20276 | D:13     | Killed Erolcha
 20459 | D:14     | Received a gift from Okawaru
 20460 | D:14     | Got a pearl-encrusted scale mail {god gift}
 20476 | D:14     | Identified the +8 scale mail of Jigsaw {-Tele +Fly rN+++
                  | Dex+3} (Okawaru gifted it to you on level 14 of the
                  | Dungeon)
 20596 | D:14     | Found a runed translucent door.
 20860 | D:14     | Found a shadowy altar of Dithmenos.
 21001 | D:14     | Reached skill level 15 in Fighting
 21004 | D:14     | Reached skill level 15 in Armour
 21022 | D:14     | Found a gate to the Vaults.
 21082 | D:14     | Got an iridescent flail
 21085 | D:14     | Identified the +7 flail "Woda" {freeze, Int+3} (You found
                  | it on level 14 of the Dungeon)
 21153 | D:14     | Received a gift from Okawaru
 21269 | D:14     | Found a portal to a secret trove of treasure.
 21301 | Trove    | Entered a treasure trove
 21316 | Trove    | Got a warped amber ring
 21318 | Trove    | Got a vibrating platinum ring
 21330 | Trove    | Got a glittering lead ring
 21338 | Trove    | Identified the ring of Neurosis {+Fly rPois rF+ Str+3
                  | Stlth-} (You found it in a treasure trove)
 21340 | Trove    | Identified the ring of Yqihosch {+Inv rC++ Dex+4} (You
                  | found it in a treasure trove)
 21348 | Trove    | Identified the ring "Naorific" {*Slow rPois rN+ Str+2} (You
                  | found it in a treasure trove)
 21364 | Trove    | Got a shimmering brass ring
 21366 | Trove    | Got a coiled ivory ring
 21383 | Trove    | Identified the cursed ring of the Philosopher {+Fly rPois
                  | rN+ Dex-4} (You found it in a treasure trove)
 21387 | Trove    | Identified the ring "Xorphi Beirio" {rElec Str-2 Int+3
                  | Dex+4 SInv} (You found it in a treasure trove)
 21650 | D:14     | Paralysed by an orc sorcerer for 2 turns
 21709 | D:14     | Found a roughly hewn altar of Beogh.
 21782 | D:15     | Entered Level 15 of the Dungeon
 21782 | D:15     | Found Saen's Demolitions Depot.
 21782 | D:15     | Noticed Azrael
 21841 | D:14     | Killed Azrael
 22281 | D:15     | Reached XP level 16. HP: 125/149 MP: 15/15
 22566 | D:15     | Noticed Jorgrun
 22575 | D:15     | Killed Jorgrun
 22579 | D:15     | Found a staircase to the Depths.
 22857 | D:15     | Reached skill level 16 in Fighting
 23812 | Swamp:1  | Noticed a thorn hunter
 23830 | Swamp:1  | Killed a thorn hunter
 24041 | Swamp:1  | Reached skill level 15 in Dodging
 24504 | Swamp:2  | Noticed a thorn hunter
 24508 | Swamp:2  | Killed a thorn hunter
 24516 | Swamp:2  | Found a transporter.
 24550 | Swamp:2  | Found a transporter.
 25079 | Swamp:2  | Got a scintillating bronze ring
 25082 | Swamp:2  | Got a polished helmet
 25087 | Swamp:2  | Identified the ring "Feranibb" {MR+ EV+4 Str-3 Dex+3 SInv}
                  | (You found it on level 2 of the Swamp)
 25202 | Swamp:2  | Found a runed translucent door.
 25202 | Swamp:2  | Found a shimmering altar of Xom.
 25202 | Swamp:2  | Noticed OneTabMan's ghost (adept DDFi)
 25237 | Swamp:2  | Killed OneTabMan's ghost
 25237 | Swamp:2  | Received a gift from Okawaru
 25730 | Swamp:3  | Reached skill level 17 in Fighting
 25779 | Swamp:3  | Received a gift from Okawaru
 26236 | Swamp:3  | Reached XP level 17. HP: 157/157 MP: 16/16
 26489 | Swamp:4  | Entered Level 4 of the Swamp
 26535 | Swamp:4  | Noticed Mara
 26550 | Swamp:4  | Killed Mara
 26964 | Swamp:4  | Found the +5 robe of Misfortune {*Contam Harm *Corrode
                  | *Drain *Slow EV+5}
 27080 | Swamp:4  | Noticed the 27-headed Lernaean hydra
 27088 | Swamp:4  | Killed the 26-headed Lernaean hydra
 27088 | Swamp:4  | Received a gift from Okawaru
 27088 | Swamp:4  | Received a gift from Okawaru
 27215 | Swamp:4  | Got a decaying rune of Zot
 27513 | Elf:1    | Entered Level 1 of the Elven Halls
 27520 | Elf:1    | Reached skill level 18 in Fighting
 27837 | Elf:1    | Received a gift from Okawaru
 28039 | Elf:1    | Found a shimmering blue altar of Sif Muna.
 28314 | Elf:1    | Found a transporter.
 28326 | Elf:1    | Found a transporter.
 28330 | Elf:1    | Noticed harness's ghost (journeyman DrTm)
 28844 | Elf:1    | Noticed a golden dragon
 28844 | Elf:1    | an iron dragon changed into a golden dragon
 28848 | Elf:1    | Noticed a caustic shrike
 28848 | Elf:1    | a golden dragon changed into a caustic shrike
 28857 | Elf:1    | a caustic shrike changed into a shadow dragon
 28934 | Elf:2    | Found Nemuod's Food Shop.
 28941 | Elf:2    | Found Oddev's Magic Scroll Boutique.
 28943 | Elf:2    | Found Pikaamp's Weapon Shop.
 28965 | Elf:2    | Bought a scroll of summoning for 123 gold pieces
 28965 | Elf:2    | Bought 2 scrolls of identify for 52 gold pieces
 28965 | Elf:2    | Bought a scroll of identify for 26 gold pieces
 28965 | Elf:2    | Bought a scroll of enchant weapon for 97 gold pieces
 28965 | Elf:2    | Bought a scroll of blinking for 97 gold pieces
 29069 | Elf:2    | Reached XP level 18. HP: 133/169 MP: 17/17
 29186 | Elf:2    | Found an ancient bone altar of Kikubaaqudgha.
 29299 | Elf:2    | Received a gift from Okawaru
 29442 | Elf:2    | Found a runed translucent gate.
 29442 | Elf:2    | Found a runed translucent gate.
 29442 | Elf:2    | Found a runed translucent gate.
 29560 | Elf:2    | Reached skill level 1 in Invocations
 29619 | Elf:2    | Reached skill level 19 in Fighting
 29926 | Elf:3    | Entered Level 3 of the Elven Halls
 30531 | Elf:3    | Reached skill level 1 in Crossbows
 30531 | Elf:3    | Identified the amulet of Propriety {+Inv rN+ Regen+ Str-3
                  | Int+4}
 30540 | Elf:3    | Received a gift from Okawaru
 30552 | Elf:3    | Identified the ring of the First Invaders {rF++ Int-2 Dex+6
                  | SInv}
 30565 | Elf:3    | Identified the +4 short sword "Diczelun" {flame, rC+ MP-9
                  | Int+2}
 30689 | Elf:3    | Noticed an Ice Fiend
 30689 | Elf:3    | Identified the ring of Eri Hagu {rF+ Dex+2}
 30691 | Elf:3    | Reached skill level 5 in Invocations
 30888 | Elf:3    | Identified Gityate's Collected Works on Mutagenic Poisoning
 30903 | Elf:3    | Identified the Compendium of Dislocated Transmigration
 30976 | Elf:3    | Reached skill level 20 in Fighting
 30976 | Elf:3    | Reached skill level 5 in Crossbows
 30976 | Elf:3    | Reached XP level 19. HP: 181/181 MP: 22/22
 31323 | Elf:3    | Received a gift from Okawaru
 31674 | Elf:1    | Killed harness's ghost
 31675 | Elf:1    | Received a gift from Okawaru
 31707 | Elf:1    | Got a pair of transparent gloves
 31733 | Elf:1    | Identified the +1 pair of gloves of Magroest {Harm Int+4
                  | Slay+3} (You found it on level 1 of the Elven Halls)
 32006 | Spider:1 | Entered Level 1 of the Spider Nest
 32064 | Spider:1 | You fall into a shaft and drop 1 floor!
 32436 | Spider:2 | Received a gift from Okawaru
 33147 | Spider:1 | Received a gift from Okawaru
 33956 | Spider:3 | Noticed Kirke
 33968 | Spider:3 | Killed Kirke
 34303 | Spider:3 | Reached skill level 10 in Crossbows
 35075 | Spider:4 | Entered Level 4 of the Spider Nest
 35754 | Spider:4 | Reached XP level 20. HP: 195/195 MP: 20/24
 35938 | Spider:4 | Got a gossamer rune of Zot
 35985 | Spider:4 | Received a gift from Okawaru
 36626 | Depths:1 | Entered Level 1 of the Depths
 36626 | Depths:1 | Found Zufexi's Magic Scroll Boutique.
 36767 | Depths:1 | Bought a scroll of magic mapping for 38 gold pieces
 37154 | Depths:1 | Was placed under penance by Okawaru
 37226 | Depths:1 | Was forgiven by Okawaru
 37388 | Depths:1 | Reached skill level 21 in Fighting
 37582 | Depths:1 | Received a gift from Okawaru
 37704 | Depths:1 | You fall into a shaft and drop 1 floor!
 37813 | Depths:2 | Found a gateway to a ziggurat.
 38004 | Depths:2 | Reached XP level 21. HP: 204/204 MP: 26/26
 38021 | Depths:2 | Reached skill level 15 in Crossbows
 38162 | Depths:2 | Found a one-way gate to the infinite horrors of the Abyss.
 38229 | Depths:2 | Found a gateway to Hell.
 38444 | Depths:2 | Received a gift from Okawaru
 38445 | Depths:2 | Found the +2 Maxwell's thermic engine {flame, freeze}
 38550 | Depths:3 | Noticed a golden dragon
 38577 | Depths:3 | Killed a golden dragon
 38703 | Depths:3 | Found a one-way gate leading to the halls of Pandemonium.
 38896 | Depths:3 | Noticed Sojobo
 38932 | Depths:3 | Killed Sojobo
 38932 | Depths:3 | Received a gift from Okawaru
 38962 | Depths:3 | Reached skill level 10 in Invocations
 39296 | D:6      | Fell from the grace of Okawaru
 39296 | D:6      | Became a worshipper of the Shining One
 39297 | D:6      | Fell from the grace of the Shining One
 39370 | Temple   | Entered the Ecumenical Temple
 41232 | Depths:4 | Paralysed by a vampire knight for 3 turns
 41358 | Depths:4 | Reached XP level 22. HP: 163/215 MP: 28/28
 41448 | Depths:4 | Noticed a juggernaut
 41460 | Depths:4 | Killed a juggernaut
 41461 | Depths:4 | Reached skill level 22 in Fighting
 41686 | Depths:4 | Found Irri's Weapon Boutique.
 41703 | Depths:4 | Found a corrupted altar of Lugonu.
 42262 | Depths:4 | Got a scorched dagger
 42918 | Depths:5 | Entered Level 5 of the Depths
 42921 | Depths:5 | Noticed a caustic shrike
 42924 | Depths:5 | Noticed a caustic shrike
 42926 | Depths:5 | Noticed a caustic shrike
 43045 | Depths:5 | Killed a caustic shrike
 43048 | Depths:5 | Killed a caustic shrike
 43051 | Depths:5 | Killed a caustic shrike
 43069 | Depths:5 | Was forgiven by Okawaru
 43607 | Depths:5 | Noticed a golden dragon
 43624 | Depths:5 | Killed a golden dragon
 43707 | Depths:5 | Found a gate to the Realm of Zot.
 44111 | Vaults:1 | Entered Level 1 of the Vaults
 44386 | Vaults:1 | Reached XP level 23. HP: 225/225 MP: 29/29
 44821 | Vaults:1 | Identified the +2 dagger of Duann {freeze, *Corrode +Rage
                  | MR+ Dex+3} (You found it on level 4 of the Depths)
 44823 | Vaults:1 | Identified the ring "Vecsuga" {Fire rElec} (You found it on
                  | level 1 of the Vaults)
 44916 | Vaults:1 | Noticed Aizul
 44935 | Vaults:1 | Killed Aizul
 45058 | Vaults:1 | Reached skill level 23 in Fighting
 45866 | D:12     | Became a worshipper of Makhleb the Destroyer
 46276 | Vaults:3 | Reached * piety under Makhleb
 46277 | Vaults:3 | You fall into a shaft and drop 1 floor!
 46490 | Vaults:4 | Found a ruined gateway.
 46626 | Vaults:4 | Reached ** piety under Makhleb
 47018 | Vaults:4 | Found Guumpuops's Assorted Antiques.
 47574 | Vaults:5 | Entered Level 5 of the Vaults
 47587 | Vaults:5 | Reached *** piety under Makhleb
 47623 | Vaults:5 | Reached XP level 24. HP: 221/236 MP: 29/29
 47684 | Vaults:5 | Noticed an ancient lich
 47689 | Vaults:5 | Killed an ancient lich
 47690 | Vaults:5 | Reached **** piety under Makhleb
 47729 | Vaults:5 | Reached skill level 24 in Fighting
 47982 | Vaults:5 | Got a shimmering plate armour
 47988 | Vaults:5 | Identified the +4 plate armour "Miugg" {rCorr} (You found
                  | it on level 5 of the Vaults)
 47994 | Vaults:5 | Got a silver rune of Zot
 48007 | Vaults:5 | Reached ***** piety under Makhleb
 48314 | Vaults:5 | Identified the Handbook of the Escort and Cold
 49073 | Vaults:3 | Acquired 1600 gold pieces
 49099 | Vaults:3 | Noticed Saint Roka
 49125 | Vaults:3 | Killed Saint Roka
 49444 | Vaults:3 | Reached XP level 25. HP: 248/248 MP: 30/30
 50918 | Vaults:3 | Reached ****** piety under Makhleb
 50919 | Vaults:3 | Was forgiven by the Shining One
 50922 | Vaults:3 | Found a staircase to the Crypt.
 50927 | Vaults:3 | Reached skill level 25 in Fighting
 51344 | Zot:1    | Entered Level 1 of the Realm of Zot
 51533 | Zot:1    | Identified the +3 great mace "Deuj" {vorpal, Int+6 Dex+3}
                  | (You found it on level 1 of the Realm of Zot)
 52048 | Zot:2    | Noticed an orb of fire
 52059 | Zot:2    | Killed an orb of fire
 52337 | Zot:3    | Noticed an orb of fire
 52339 | Zot:3    | Gained mutation: Armour fits poorly on your strangely
                  | shaped body. [an orb of fire]
 52341 | Zot:3    | Gained mutation: Scrolls take you a little longer to read.
                  | [an orb of fire]
 52342 | Zot:3    | Gained mutation: Scrolls take you longer to read. [an orb
                  | of fire]
 52347 | Zot:3    | Gained mutation: You evolve. [an orb of fire]
 52370 | Zot:3    | Killed an orb of fire
 52525 | Zot:3    | HP: 1/250 [deathcap/drain life[a curse toe] (23)]
 52525 | Zot:3    | Killed from afar by a deathcap

Illustrated notes

Levels and vault maps discovered:
D:1:      dpeg_arrival_shelter, layout_rooms
D:2:      layout_loops_ring, minmay_vboxes
D:3:      layout_basic, gup_sewer_entry_spiral, nicolae_qazlal_general_emergency
D:4:      layout_loops_ring, lemuel_coloured_pillars_altar, first_ration,
          uniq_eustachio, uniq_blork_the_orc
D:5:      layout_gridville, biasface_ghost_orc_armoury, okawaru_metal_pillars_3
D:6:      layout_rooms, minmay_overflow_temple_star_quad, minivault_26
D:7:      layout_rooms, minmay_temple_entry_hall, uniq_menkaure
D:8:      layout_basic, lemuel_crystal_altar, ebering_ghost_inner_flame,
          the_bakery, patterned_corridor
D:9:      minmay_the_grid_net [minmay_the_grid_rooms,
          minmay_the_grid_minigrid_large, minmay_the_grid_zigzag_pyramid,
          minmay_the_grid_slots, minmay_the_grid_box_x,
          minmay_the_grid_prize_four_corners], layout_long_grid,
          nicolae_overflow_crystal_walls, kennysheep_just_a_vault, uniq_maurice
D:10:     layout_stronghold, orc_0_dummy, serial_glass, glass_columns_a,
          glass_columns_a
D:11:     layout_cave_pools, nooodl_food_tri
D:12:     layout_loops_cross, serial_shops, nicolae_shop_trees, basic_altar,
          kennysheep_generic_room_10
D:13:     layout_basic, enter_bailey_7, nicolae_ru_path_of_blood, uniq_urug,
          uniq_erolcha
D:14:     layout_roguey, grunt_vaults_entry_tiered,
          nicolae_dithmenos_shadow_blocks, nicolae_trove_entry_path_of_doom,
          lightli_church_of_beogh
D:15:     gammafunk_depths_entry_grave, layout_basic, minmay_misc_feat_plants,
          minivault_19, small_chamber_with_monster, minmay_misc_feat_diagonals,
          minmay_hedge_maze, minmay_misc_feat_secret_circle,
          nicolae_blasting_shop, uniq_azrael, uniq_jorgrun
Temple:   eino_temple_scatter_basement
Lair:1:   layout_cave_shapes, beast_lair_carwin_6, grunt_megastairs_4,
          lemuel_fruit_fields
Lair:2:   layout_gridlike, nicolae_volcano_entry_s_turn,
          minmay_lair_oklob_bushes, lemuel_fruit_tree
Lair:3:   cheibrodos_lair_overgrown_chateau, layout_gridlike,
          minmay_swamp_entry_wisps, spider_nest_entry_a
Lair:4:   layout_long_grid, serial_rivers, chequers_serial_rivers_room_b,
          chequers_serial_rivers_micro_c, chequers_serial_rivers_large_a,
          chequers_serial_rivers_micro_c, lemuel_fruit_fields,
          minmay_lair_oklob_chamber, grunt_megastairs_5
Lair:5:   layout_layer_cave, grunt_megastairs_2, uniq_nessos, uniq_snorg
Lair:6:   guppyfry_lair_end_dragon, layout_hall_layers, dpeg_slime_entry_corner,
          grunt_forest_large_clearings
Swamp:1:  layout_falls_marsh, evilmike_swamp_ruin_house_1, roderic_carrion_pond
Swamp:2:  gammafunk_worm_tunnel, layout_basic_swamp, ebering_ghost_xom,
          nicolae_swamp_stair_fork, swamp_pool1
Swamp:3:  layout_basic_swamp, evilmike_swamp_ruin_wall
Swamp:4:  swamp_old_school, layout_basic_swamp, swamp_pool1,
          hangedman_swamp_lotus, hangedman_swamp_pad, uniq_mara
Spider:1: layout_spider_delve, hangedman_spider_tarantella_strand
Spider:2: layout_spider_delve
Spider:3: layout_chambers, uniq_kirke
Spider:4: grunt_spider_rune_circles, guppyfry_spider_mini_2
Orc:1:    layout_diamond_mine, basic_altar, gammafunk_ghost_arena,
          nooodl_orcs_dogs
Orc:2:    grunt_orc_gardens, layout_diamond_mine, grunt_orc_garden,
          grunt_orc_garden, grunt_orc_garden, grunt_orc_garden, special_room,
          basic_altar, sword_in_stone
Elf:1:    kennysheep_blocky_room, layout_gridlike, basic_altar,
          gammafunk_ghost_berserking_beasts, evilmike_minifort,
          serial_sigils_hangedman_gnaw
Elf:2:    layout_geoelf_diagonals, basic_altar, st_stairs_7,
          hangedman_elf_targetted_burst, minmay_shop_star
Elf:3:    minmay_elf_hall_curves, layout_geoelf_diagonals, guppyfry_library_mini
Vaults:1: nicolae_vaults_network_star, nicolae_vaults_border_crossing,
          grunt_vaults_funnel, ontoclasm_vaults_idyll, v_misc_13,
          nicolae_vaults_what_the_h, hangedman_vaults_stretched_pinwheel,
          ontoclasm_vaults_decontamination, vaults_dpeg_spiral,
          vaults_mumra_lcd, nicolae_vaults_angled_halls, vaults_room_grid,
          v_pattern_5, vaults_mumra_minichess_inversion,
          layout_vaults_omnicross, uniq_aizul
Vaults:2: v_misc_16, grunt_vaults_focal, ontoclasm_vaults_idyll,
          vaults_dpeg_ring, vaults_standard_mumra_lines,
          ontoclasm_vaults_ligature, v_pattern_3, grunt_vaults_hallway_long,
          nicolae_vaults_yaktaur_gun_rack, v_misc_26, vaults_dpeg_encased_lava,
          v_misc_18, nicolae_vaults_network_quinsquares
          [nicolae_vaults_network_quincunx_subvault,
          nicolae_vaults_network_quincunx_subvault,
          nicolae_vaults_network_quincunx_subvault,
          nicolae_vaults_network_quincunx_subvault], grunt_vaults_hallway_short,
          layout_vaults_ring, uniq_boris
Vaults:3: nicolae_vaults_alarming, v_misc_33,
          minmay_crypt_entry_skeletal_spiral, ontoclasm_vaults_fault,
          v_alt_pattern_2, v_misc_30, nicolae_vaults_circle_grid_b,
          hangedman_vaults_hat, nicolae_vaults_little_squares_4,
          vaults_standard_mumra_enter_the_diamond,
          nicolae_vaults_little_squares_3, nicolae_vaults_specimen_jars,
          grunt_vaults_diagonal, grunt_vaults_hallway_short,
          nicolae_vaults_rhombus_5, layout_vaults_big_room, uniq_saint_roka
Vaults:4: nicolae_vaults_theta, hangedman_vaults_stream, v_rooms_3,
          nicolae_vaults_little_ls, vaults_room_corners, hangedman_vaults_snaps,
          st_squares, ontoclasm_vaults_spin, nicolae_vaults_circle_grid_b,
          vaults_room_octagon, nicolae_vaults_little_squares_1, v_misc_2,
          vaults_dpeg_cross, layout_vaults_maze, serial_shops,
          nicolae_shop_stone, portal_desolation_entry_nicolae_nacl
Vaults:5: serial_shops
Depths:1: layout_forbidden_donut, lemuel_statue_altar, grunt_hell_horde,
          serial_shops, nicolae_shop_statue_plus,
          nicolae_abyss_entry_one_way_or_another, minmay_liquid_box,
          minislime_mu
Depths:2: hangedman_arrow_trap, layout_cave_shapes, enter_ziggurat_e,
          hangedman_geh_valley, marbit_kobold_abyss_entry, kennysheep_donut,
          kennysheep_two_boxes
Depths:3: mu_elephants_graveyard, layout_basic, hell_entry, pan_entry,
          infiniplex_staircase_split_hallway, uniq_sojobo
Depths:4: minmay_nested_s, layout_basic, grunt_hell_entry_dis_mu,
          infiniplex_enter_wizlab_spiral, abyss_entry_flame_altar, serial_shops,
          nicolae_shop_crystal, grunt_pan_entry_sceptre, minmay_fountain_box,
          infiniplex_staircase_pool_lava
Depths:5: evilmike_zot_entry_hall, layout_cave_shapes, dk_noncrumbling_3,
          hell_entry, minmay_misc_feat_room
Zot:1:    layout_onion
Zot:2:    layout_misc_corridors
Zot:3:    layout_cathedral_of_symmetry, lemuel_elevator

Skill      XL: |  1  2  3  4  5  6  7  8  9 10 11 12 13 14 15 16 17 18 19 20 21 22 23 24 25 |
---------------+----------------------------------------------------------------------------+-----
Long Blades    | 3 4 5 6 7 9 11 12 14 15 17 18 20 21 22 23 24 | 24.5
Dodging        | 1 2 3 4 5 6 8 9 10 11 12 14 15 16 17 18 19 | 19.9
Fighting       | 4 5 6 7 8 9 11 12 13 14 15 17 18 20 21 22 23 24 25 | 25.5
Armour         | 4 5 6 7 8 9 11 12 13 14 15 17 18 19 20 21 22 23 24 | 24.6
Invocations    | 5 7 9 10 11 12 | 12.5
Crossbows      | 5 11 14 16 18 | 18.0
Shields        | |  3.6

Action                   |  1- 3 |  4- 6 |  7- 9 | 10-12 | 13-15 | 16-18 | 19-21 | 22-24 | 25-27 || total
-------------------------+-------+-------+-------+-------+-------+-------+-------+-------+-------++-------
Melee: Long sword        |    98 |   121 |   159 |       |       |       |       |       |       ||   378
       Headbutt          |    10 |    17 |    59 |   169 |   316 |   351 |   639 |   675 |   178 ||  2414
       Dagger            |       |       |    99 |   298 |       |       |       |       |       ||   397
       Great sword       |       |       |       |   226 |   835 |   899 |  1454 |  1476 |   410 ||  5300
       War axe           |       |       |       |    12 |       |       |       |       |       ||    12
       Dire flail        |       |       |       |    16 |     6 |       |       |       |       ||    22
       Scimitar          |       |       |       |       |     5 |    66 |       |       |       ||    71
       Eveningstar       |       |       |       |       |     3 |       |       |       |       ||     3
 Fire: Arbalest          |       |       |       |       |    83 |    94 |    64 |    54 |    47 ||   342
Throw: Dart              |       |     6 |     8 |     1 |     8 |       |       |       |       ||    23
       Javelin           |       |     7 |     1 |       |     1 |       |       |       |       ||     9
       Boomerang         |       |       |       |       |     1 |     5 |     1 |       |       ||     7
Invok: Finesse           |       |       |       |       |       |       |     1 |       |       ||     1
       Renounce Religion |       |       |       |       |       |       |     1 |       |       ||     1
       Greater Servant o |       |       |       |       |       |       |       |       |     2 ||     2
 Abil: Evoke Flight      |       |       |       |       |       |     1 |     2 |       |       ||     3
Evoke: Wand              |       |       |     2 |     4 |     2 |     2 |     2 |     3 |       ||    15
       Lightning rod     |       |       |       |       |     3 |       |       |     3 |       ||     6
       Box of beasts     |       |       |       |       |     1 |       |     2 |       |     2 ||     5
       Tin of tremorston |       |       |       |       |       |       |     2 |       |       ||     2
       Phantom mirror    |       |       |       |       |       |       |       |     1 |       ||     1
  Use: Scroll            |       |     6 |     6 |    14 |    23 |     5 |    11 |    12 |     4 ||    81
       Potion            |       |     1 |       |       |    13 |     2 |     7 |    10 |     6 ||    39
 Stab: Paralysed         |       |       |     1 |       |       |       |       |       |       ||     1
       Confused          |       |       |       |       |       |     1 |       |     3 |       ||     4
       Distracted        |       |       |       |       |       |     1 |       |       |     2 ||     3
       Invisible         |       |       |       |       |       |       |     6 |     2 |       ||     8
       Fleeing           |       |       |       |       |       |       |       |     1 |       ||     1
  Eat: Chunk             |       |     6 |    10 |    17 |    31 |    20 |    21 |    15 |     3 ||   123
       Ration            |       |       |       |       |     2 |     3 |     4 |     4 |     2 ||    15
Armor: Scale mail        |    53 |    40 |    10 |    54 |       |       |       |       |       ||   157
       Plate armour      |       |    40 |    63 |   186 |   172 |       |       |       |       ||   461
       Crystal plate arm |       |       |       |       |   157 |   573 |   844 |   973 |   290 ||  2837
Dodge: Dodged            |    39 |    48 |    55 |   373 |   723 |   713 |  1444 |  1596 |   407 ||  5398
Block: Kite shield       |    68 |    68 |   109 |    90 |       |       |       |       |       ||   335
       Other             |       |       |       |       |    79 |   192 |   334 |   370 |   100 ||  1075
       Reflection        |       |       |       |       |     4 |    15 |    20 |    30 |     1 ||    70
       Rpst.: Long sword |     9 |    12 |     5 |       |       |       |       |       |       ||    26
       Great sword       |       |       |       |    49 |   165 |   118 |   237 |   278 |    78 ||   925
       Scimitar          |       |       |       |       |       |     6 |       |       |       ||     6
